 Dungeon Crawl Stone Soup version 0.27.1-1-g398f81649c (webtiles) character file.

Game seed: 1677779093164637867

51 ugugthedestroyer the Skirmisher (level 3, -1/30 HPs)
             Began as a Demonspawn Abyssal Knight on Sept 6, 2021.
             Was a Follower of Lugonu.
             Slain by a worm (3 damage)
             ... on level 2 of the Dungeon.
             The game lasted 00:04:52 (1113 turns).

ugugthedestroyer the Skirmisher (DsAK)              Turns: 1113, Time: 00:04:52

Health: -1/30      AC:  6    Str: 13    XL:     3   Next: 57%
Magic:  5/5        EV: 11    Int: 13    God:    Lugonu [*.....]
Gold:   102        SH:  0    Dex: 12    Spells: 2/2 levels left

rFire    . . .     SeeInvis .   a - +1 falchion
rCold    . . .     Faith    .   (no shield)
rNeg     . . .     Spirit   .   b - +0 leather armour
rPois    .         Reflect  .   (no helmet)
rElec    .         Harm     .   (no cloak)
rCorr    .         Rampage  .   g - +0 pair of gloves
Will     .....                  (no boots)
Stlth    +.........             (no amulet)
HPRegen  0.10/turn              (no ring)
MPRegen  0.09/turn              (no ring)

@: no status effects
A: claws 1, slimy green scales 1
a: Renounce Religion, Depart the Abyss


You were on level 2 of the Dungeon.
You worshipped Lugonu.
Lugonu was aware of your devotion.
You visited 1 branch of the dungeon, and saw 2 of its levels.
You visited the Abyss 1 time.

You collected 102 gold pieces.

Inventory:

Hand Weapons
 a - a +1 falchion (weapon)
Armour
 b - a +0 leather armour (worn)
 d - +0 fire dragon scales
 g - a +0 pair of gloves (worn)
Scrolls
 e - a scroll of fog {unknown}
 f - a scroll of identify {unknown}
 h - a scroll of teleportation {unknown}
 j - a scroll of amnesia {unknown}


   Skills:
 + Level 3.7 Fighting
 + Level 2.2 Long Blades
 - Level 1.8 Armour
 * Level 1.6 Dodging
 * Level 3.0 Invocations


You had 2 spell levels left.
You didn't know any spells.
Your spell library was empty.

Dungeon Overview and Level Annotations

Branches:
Dungeon (2/15)

Altars:
Ashenzari


Innate Abilities, Weirdness & Mutations

You have sharp fingernails.
You are partially covered in slimy green scales. (AC +2)


Message History

You kill the bat!
Lugonu accepts your kill.
A worm comes into view.
You hit the worm.
The worm is lightly wounded.
You hit the worm.
The worm is moderately wounded.
The worm closely misses you.
You riposte.
You hit the worm.
The worm is moderately wounded.
You hit the worm.
The worm is moderately wounded.
A bat comes into view.
The worm bites you.
* * * LOW HITPOINT WARNING * * *
The bat moves out of view.
You hit the worm.
The worm is moderately wounded.
You hit the worm.
The worm is heavily wounded.
The worm closely misses you.
You hit the worm but do no damage.
The worm is heavily wounded.
The worm bites you!
* * * LOW HITPOINT WARNING * * *
You hit the worm.
The worm is severely wounded.
The bat closely misses you.
You riposte.
You hit the bat.
You kill the bat!
Lugonu accepts your kill. The worm misses you.
You riposte.
You hit the worm but do no damage.
The worm is heavily wounded.
You hit the worm.
The worm is severely wounded.
You hit the worm.
The worm is almost dead.
The worm barely misses you.
You barely miss the worm.
The worm is almost dead.
The worm bites you.
You die...

#.# #.. ... #..## #.#
#...# #.# ###..### #.#
.......# #.# .......# #.#
.......#########.######
................@.....#
.......#########w.........
.......# #.####.####
.......# #.# #
####.####### #.#
.).......... ..#
.########### #.# .# #.# .#


You could see a worm.

Vanquished Creatures
  2 adders (D:2)
  A dart slug (D:2)
  3 endoplasms
  3 giant cockroaches (D:1)
  2 goblins
  5 hobgoblins (D:1)
  A quokka (D:2)
  A ball python (D:1)
  5 bats
  A frilled lizard (D:2)
  6 rats
30 creatures vanquished.

Vanquished Creatures (others)
  2 fungi (D:2)
2 creatures vanquished.

Grand Total: 32 creatures vanquished

Notes
Turn   | Place    | Note
-------+----------+-------------------------------------------
     0 | Abyss:1  | ugugthedestroyer the Demonspawn Abyssal Knight began the
                  | quest for the Orb.
     0 | Abyss:1  | Reached XP level 1. HP: 18/18 MP: 2/2
   196 | Abyss:1  | Noticed a quasit
   198 | D:1      | Escaped the Abyss
   204 | D:1      | Found a broken altar of Ashenzari.
   279 | D:1      | Reached skill level 1 in Dodging
   326 | D:1      | Gained mutation: You are partially covered in slimy green
                  | scales. (AC +2) [demonic ancestry]
   326 | D:1      | Reached XP level 2. HP: 15/24 MP: 3/3
   336 | D:1      | Reached * piety under Lugonu
   961 | D:2      | Gained mutation: You have sharp fingernails. [demonic
                  | ancestry]
   961 | D:2      | Reached XP level 3. HP: 28/29 MP: 5/5
  1113 | D:2      | Slain by a worm

Illustrated notes

Levels and vault maps discovered:
D:1:      dpeg_arrival_water_altar, layout_basic, minmay_pentomino_z4
D:2:      layout_loops_ring, chequers_garden, uniq_crazy_yiuf_cottage

Skill      XL: |  1  2  3 |
---------------+----------+-----
Dodging        | 1 |  1.6
Long Blades    | 2 |  2.2
Invocations    | 3 |  3.0
Fighting       | |  3.7
Armour         | |  1.8

Action                   || total
-------------------------++-------
Melee: Falchion          ||    76
Invok: Depart the Abyss  ||     1
  Use: Potion            ||     2
Armor: Leather armour    ||    32
Dodge: Dodged            ||    58
       Rpst.: Falchion   ||    26
